Map: Submarine LE

Players

Reynor - Winner!

  • Race: Zerg Zerg
  • League: Master
  • Spawn Location: 11:00

uwuThermal (uThermal)

  • Race: Terran Terran
  • Spawn Location: 5:00

Event: DreamHack SC2 Masters 2020 Winter

VOD

Have the link to the VOD?

Description

Time

  • Played on: Nov. 3, 2020, 1:45 p.m.
  • Length: 6:28

All games in this series

Show
View Real Time Build Order
Export as new Build Order

Reynor Zerg - Winner!

Build Orders: Hatch First 

Get SALT Encoding   

  12  0:00  Drone  
  13  0:12  Overlord  
  13  0:17  Drone  
  14  0:30  Drone x2  
  16  0:48  Hatchery  
  15  0:51  Drone  
  15  0:54  Drone  
  17  0:58  Drone  
  18  1:08  Extractor  
  17  1:13  Spawning Pool  
  17  1:15  Drone  
  17  1:19  Drone  
  18  1:27  Drone  
  19  1:38  Drone  
  20  1:48  Overlord  
  20  1:59  Queen x2  
  20  2:00  Zergling x4  
  26  2:10  Drone  
  26  2:11  Drone  
  26  2:12  Metabolic Boost  
  28  2:21  Drone x2  
  30  2:32  Drone  
  30  2:35  Queen  
  32  2:41  Overlord  
  32  2:42  Drone  
  33  2:44  Drone  
  33  2:50  Pneumatized Carapace  
  34  2:53  Drone  
  35  3:04  Drone, Hatchery  
  35  3:06  Drone  
  35  3:09  Drone  
  35  3:10  Drone  
  38  3:14  Zergling x2  
  38  3:15  Zergling x2  
  40  3:20  Overlord  
  40  3:21  Drone  
  40  3:25  Queen  
  43  3:27  Drone  
  44  3:38  Zergling x4  
  44  3:41  Overlord  
  46  3:42  Queen  
  46  3:43  Drone x2  
  46  3:45  Drone  
  46  3:46  Drone  
  52  3:52  Overlord  
  52  3:59  Overlord  
  52  4:00  Drone x3  
  55  4:06  Drone  
  56  4:11  Extractor  
  56  4:12  Zergling x2  
  56  4:16  Drone x2  
  58  4:18  Zergling x4  
  58  4:20  Lair  
  58  4:21  Drone x2  
  58  4:23  Spore Crawler  
  61  4:27  Drone x2  
  61  4:30  Spore Crawler  
  62  4:31  Queen  
  62  4:32  Drone  
  62  4:37  Zergling x4  
  67  4:44  Overlord  
  65  4:48  Zergling x4  
  65  4:50  Drone x3  
  70  4:53  Drone x3  
  70  4:56  Drone  
  70  4:57  Baneling Nest  
  70  4:58  Overlord  
  73  5:02  Drone  
  73  5:07  Drone  
  73  5:09  Drone x2  
  73  5:10  Extractor  
  73  5:12  Overlord  
  73  5:13  Drone x2  
  77  5:19  Overlord  
  77  5:21  Drone  
  77  5:23  Overseer  
  77  5:25  Drone x6  
  77  5:28  Spore Crawler  
  83  5:29  Overlord  
  83  5:32  Zergling x2  
  83  5:34  Drone  
  85  5:38  Drone x3  
  85  5:40  Extractor  
  85  5:41  Extractor  
  86  5:44  Zergling x6  
  86  5:49  Overlord  
  89  5:52  Drone  
  89  5:53  Drone, Hatchery  
  89  5:54  Drone  
  91  5:58  Evolution Chamber  
  91  5:59  Evolution Chamber, Overlord  
  91  6:00  Zergling x4  
  91  6:02  Drone x3  
  92  6:06  Drone x2  
  93  6:11  Drone x2  
  93  6:14  Drone  
Show
View Real Time Build Order
Export as new Build Order

uwuThermal Terran 

Build Orders: Reaper Expand, Hellion Banshee 

Get SALT Encoding   

  12  0:00  SCV  
  13  0:12  SCV  
  14  0:17  Supply Depot  
  14  0:24  SCV  
  15  0:38  SCV  
  15  0:41  Barracks  
  16  0:43  Refinery  
  16  0:50  SCV  
  17  1:02  SCV  
  18  1:14  SCV  
  19  1:27  Reaper  
  19  1:28  Orbital Command  
  20  1:40  Command Center  
  20  1:51  Supply Depot  
  20  1:53  SCV  
  21  1:59  Marine  
  22  2:05  SCV  
  23  2:08  Factory  
  23  2:14  Refinery  
  23  2:17  SCV  
  23  2:20  Barracks Reactor  
  24  2:36  SCV  
  25  2:48  SCV  
  26  2:52  Starport  
  26  2:53  Orbital Command  
  26  2:59  Hellion x2  
  26  3:00  SCV  
  26  3:02  Barracks Tech Lab  
  32  3:12  SCV  
  32  3:19  SCV  
  33  3:22  Hellion x2  
  33  3:23  Supply Depot  
  33  3:25  SCV  
  38  3:33  SCV  
  39  3:34  Banshee  
  39  3:36  Cloaking Field  
  39  3:37  SCV  
  43  3:45  SCV, Hellion  
  43  3:48  Hellion  
  48  3:49  SCV  
  48  3:54  Supply Depot  
  49  3:57  SCV  
  49  4:01  SCV  
  51  4:10  Command Center  
  51  4:12  SCV  
  51  4:13  SCV  
  53  4:17  Supply Depot  
  53  4:20  Barracks Tech Lab  
  53  4:23  Banshee  
  56  4:25  SCV  
  56  4:26  Factory Reactor  
  56  4:27  SCV  
  58  4:37  SCV  
  59  4:38  Marine  
  59  4:39  SCV, Stimpack  
  61  4:49  SCV, Barracks  
  61  4:50  Barracks  
  61  4:51  SCV  
  63  4:56  Marine  
  63  4:58  Engineering Bay x2  
  64  5:02  SCV, Refinery  
  64  5:03  SCV  
  66  5:14  Marine, SCV  
  66  5:15  SCV  
  66  5:17  Starport Reactor  
  69  5:22  Siege Tank, Orbital Command  
  72  5:29  Refinery  
  72  5:30  SCV  
  72  5:31  SCV  
  72  5:32  Marine  
  75  5:38  Barracks x2  
  75  5:39  Marine  
  75  5:42  SCV  
  77  5:43  SCV, Marine  
  77  5:48  Supply Depot, Orbital Command  
  77  5:49  Marine  
  79  5:54  SCV  
  81  6:01  SCV  
  85  6:08  Supply Depot  
  85  6:09  Marine  
  86  6:11  SCV  
  89  6:22  Supply Depot  
  89  6:24  Supply Depot  
Tags
 
Add a new tag
Caveats
  • Supply blocks, unpowered buildings, or Contaminate may cause inaccurate times.
  • Supply counts are checked every 10 seconds.